 Dungeon Sprint DCSS version 0.29-a0-194-g6e3aafee17 (webtiles) character file.

Game seed: 7256119666225878400

187 Zeldest the Insei (level 5, -2/47 HPs)
             Began as a Demonspawn Transmuter on Feb 22, 2022.
             Slain by a water moccasin (9 damage)
             ... in the Dungeon (Sprint IX: "|||||||||||||||||||||||||||||").
             The game lasted 00:00:25 (40 turns).

Zeldest the Insei (Demonspawn Transmuter)             Turns: 40, Time: 00:00:26

Health: -2/47      AC:  2    Str: 12    XL:     5   Next: 39%
Magic:  4/8        EV: 12    Int: 14    God:
Gold:   0          SH:  0    Dex: 14    Spells: 7/8 levels left

rFire   . . .      SeeInvis .     - Unarmed
rCold   . . .      Faith    .   (no shield)
rNeg    . . .      Spirit   .   a - +0 robe
rPois   .          Reflect  .   (helmet restricted)
rElec   .          Harm     .   (no cloak)
rCorr   .          Rampage  .   (no gloves)
Will    .....      NoTele   +   (no boots)
Stlth   +.........              (no amulet)
HPRegen 0.15/turn               (no ring)
MPRegen 0.22/turn               (no ring)

@: on berserk cooldown, hasted and slowed
A: antennae 1, ignite blood 1, magic regeneration
a: no special abilities


You were in the Dungeon.
You visited 1 branch

Inventory:

Armour
 a - a +0 robe (worn)
Scrolls
 g - a scroll of blinking
Potions
 b - a potion of curing
 c - a potion of heal wounds
 e - 2 potions of magic


   Skills:
 + Level 6.4 Fighting
 - Level 1.7 Dodging
 + Level 6.5 Unarmed Combat
 - Level 2.0 Spellcasting
 + Level 6.1 Transmutations


You had 7 spell levels left.
You knew the following spells:

 Your Spells              Type           Power      Damage    Failure   Level
a - Beastly Appendage     Tmut           36%        N/A       1%          1

Your spell library contained the following spells:

 Spells                   Type           Power      Damage    Failure   Level
 Wereblood                Tmut           18%        N/A       3%          2
 Spider Form              Tmut/Pois      9%         N/A       21%         3
 Ice Form                 Ice/Tmut       9%         N/A       56%         4


Dungeon Overview and Level Annotations

Branches:
Dungeon (1/1)

Altars:


Innate Abilities, Weirdness & Mutations

You have a pair of small antennae on your head.
Your demonic aura sometimes causes spilled blood to erupt in flames.
You regenerate magic rapidly.


Message History

Your life force feels restored.
Your Fighting skill gained 2 levels and is now at level 4!
Your Unarmed Combat skill gained 2 levels and is now at level 5!
Your Transmutations skill gained 2 levels and is now at level 4!
You have reached level 2!
Your demonic ancestry asserts itself...
Your magic begins to regenerate rapidly.
You have reached level 3!
Your experience leads to an increase in your attributes!
Increase (S)trength, (I)ntelligence, or (D)exterity?
You feel stronger. x2; Your demonic ancestry asserts itself...
Your blood heats up.
You have reached level 4!
You feel agile.
Your demonic ancestry asserts itself...
The horns on your head shrink a bit. The horns on your head shrink away.
A pair of antennae grows on your head!
You barely miss the ice beast. Your kick misses the ice beast.
You closely miss the ice beast. Your kick misses the ice beast.
The ice beast barely misses you.
You punch the ice beast! Your kick misses the ice beast.
The ice beast is heavily wounded.
You punch the ice beast! You claw the ice beast.
The ice beast is severely wounded.
The ice beast misses you.
You punch the ice beast!
You kill the ice beast!
Your Fighting skill gained 2 levels and is now at level 6!
Your Unarmed Combat skill increases to level 6!
Your Transmutations skill gained 2 levels and is now at level 6!
You have reached level 5!
You closely miss the water moccasin. You claw the water moccasin!
The water moccasin is severely wounded.
You are no longer berserk.
You are exhausted.
You feel yourself slow down. The water moccasin barely misses you.
You hit the water moccasin but do no damage.
The water moccasin is severely wounded.
Your talons disappear.
The water moccasin bites you!
You die... ▓▓▓▓▓▓▓▓▓▓▓▓▓▓▓▓▓▓ ▓<...).....@SZ...+ ▓▓▓▓▓▓▓▓▓▓▓▓▓▓▓▓▓▓

You could see a water moccasin and a ball python zombie.

Vanquished Creatures
  An ice beast (D)
  A necrophage (D)
  A dart slug (D)
  An endoplasm (D)
  A quokka (D)
  A ball python (D)
  A goblin (D)
  A rat (D)
8 creatures vanquished.

Notes
Turn   | Place    | Note
-------+----------+-------------------------------------------
     0 | D        | Zeldest the Demonspawn Transmuter began the quest for the
                  | Orb.
     0 | D        | Reached XP level 1. HP: 15/15 MP: 3/3
    23 | D        | Noticed a necrophage
    23 | D        | Noticed an ice beast
    23 | D        | Noticed a water moccasin
    33 | D        | Killed a necrophage
    34 | D        | Reached skill level 5 in Unarmed Combat
    34 | D        | Gained mutation: You regenerate magic rapidly. [demonic
                  | ancestry]
    34 | D        | Reached XP level 2. HP: 5/26 MP: 3/5
    34 | D        | Gained mutation: Your demonic aura sometimes causes spilled
                  | blood to erupt in flames. [demonic ancestry]
    34 | D        | Reached XP level 3. HP: 7/32 MP: 3/6
    34 | D        | Lost mutation: You have a pair of horns on your head.
                  | [demonic ancestry]
    34 | D        | Lost mutation: You have a pair of small horns on your head.
                  | [demonic ancestry]
    34 | D        | Gained mutation: You have a pair of small antennae on your
                  | head. [demonic ancestry]
    34 | D        | Reached XP level 4. HP: 8/38 MP: 3/7
    38 | D        | Killed an ice beast
    39 | D        | Reached XP level 5. HP: 11/47 MP: 4/8
    40 | D        | Slain by a water moccasin

Illustrated notes

Levels and vault maps discovered:
D:        linesprint [early_d, line_temple, items_1, d_10, items_2, lair_1,
          lair_end, items_3, orc_1, orc_end, items_4, d_15, swamp_1, shoals_1,
          snake_1, spider_1, d_20, vaults_1, items_5, swamp_end, shoals_end,
          snake_end, spider_end, vaults_end, d_27, items_6, zot_1, zot_end,
          crypt_end, forest_end, elf_end, slime_end, tomb_end, abyss_end,
          pan_hell_end]

Skill      XL: |  1  2  3  4 |
---------------+-------------+-----
Transmutations | 4 6 |  6.1
Unarmed Combat | 5 6 |  6.5
Fighting       | 4 6 |  6.4
Dodging        | |  1.7
Spellcasting   | |  2.0

Action                   |  1- 3 |  4- 6 || total
-------------------------+-------+-------++-------
Melee: Unarmed           |    18 |     7 ||    25
       Kick              |     4 |     2 ||     6
       Headbutt          |     3 |       ||     3
 Cast: Beastly Appendage |     2 |       ||     2
  Use: Potion            |     2 |       ||     2
Armor: Robe              |     2 |       ||     2
Dodge: Dodged            |     2 |     3 ||     5

Table legend: (Time is in decaauts)
 A = Elapsed time spent in this place.
 B = Non-inter-level travel time spent in this place.
 C = Inter-level travel time spent in this place.
 D = Time resting spent in this place.
 E = Time spent auto-exploring this place.
 F = Levels seen in this place.
 G = Mean time per level.
                   A        B        C        D        E       F      G
               +--------+--------+--------+--------+--------+-----+--------+
         Total |     32 |     32 |      0 |      0 |      0 |   1 |   32.0 |
       Dungeon |     32 |     32 |      0 |      0 |      0 |   1 |   32.0 |
               +--------+--------+--------+--------+--------+-----+--------+

Top non-repeatable levels by time:
       D: 32 daAuts
